 Dungeon Crawl Stone Soup version 0.28.0 (webtiles) character file.

Game seed: 9758561572650510527

2523 ReploidZero the Quickloader (level 9, -2/74 HPs)
             Began as a Formicid Hunter on Feb 15, 2022.
             Killed from afar by a steam dragon (15 damage)
             ... with a ball of steam
             ... on level 7 of the Dungeon.
             The game lasted 00:23:56 (8450 turns).

ReploidZero the Quickloader (Formicid Hunter)       Turns: 8450, Time: 00:23:57

Health: -2/74      AC: 14    Str: 20    XL:     9   Next: 84%
Magic:  9/9        EV:  7    Int: 12    God:
Gold:   275        SH:  4    Dex: 11    Spells: 8/8 levels left

rFire   . . .      SeeInvis +   b - +2 demon trident (venom)
rCold   . . .      Faith    .   (no shield)
rNeg    . . .      Spirit   .   s - +0 plate armour
rPois   .          Reflect  .   (helmet unavailable)
rElec   .          Harm     .   n - +0 cloak
rCorr   .          Rampage  .   (no gloves)
Will    .....                   (no boots)
Stlth   ..........              (no amulet)
HPRegen 0.22/turn               (no ring)
MPRegen 0.11/turn               (no ring)

@: no status effects
A: permanent stasis, dig shafts and tunnels, antennae 3, four strong arms, large
bone plates 1
a: Dig, Shaft Self


You were on level 7 of the Dungeon.
You visited 2 branches of the dungeon, and saw 8 of its levels.

You collected 325 gold pieces.
You spent 50 gold pieces at shops.

Inventory:

Hand Weapons
 a - a +1 vorpal hand crossbow
 b - a +2 demon trident of venom (weapon)
Missiles
 d - 69 bolts
Armour
 c - a +0 leather armour
 n - a +0 cloak (worn)
 s - a +0 plate armour (worn)
Wands
 o - a wand of digging (8)
Scrolls
 f - 7 scrolls of teleportation
 g - a scroll of brand weapon
 j - 4 scrolls of fog
 m - 2 scrolls of identify
 q - a scroll of amnesia
Potions
 e - a potion of resistance
 h - 2 potions of degeneration
 i - 2 potions of lignification
 k - a potion of flight
 l - 2 potions of curing
 p - a potion of mutation
 r - a potion of ambrosia


   Skills:
 + Level 8.2 Fighting
 + Level 8.4 Crossbows
 + Level 7.7 Armour
 - Level 2.0 Dodging
 - Level 1.2 Stealth


You had 8 spell levels left.
You didn't know any spells.
Your spell library contained the following spells:

 Spells                   Type           Power      Damage    Failure   Level
 Ignite Poison            Fire/Tmut/Pois 0%         N/A       100%        3
 Mephitic Cloud           Conj/Pois/Air  0%         N/A       100%        3
 Freezing Cloud           Conj/Ice/Air   0%         6-21      100%        5


Dungeon Overview and Level Annotations

Branches:
Dungeon (7/15)             Temple (1/1) D:6

Altars:
Ashenzari
Cheibriados
Dithmenos
Gozag
Hepliaklqana
Kikubaaqudgha
Nemelex Xobeh
Okawaru
Qazlal
Ru
Sif Muna
Trog
Uskayaw
Wu Jian
Xom
Yredelemnul
Zin
The Shining One
Lugonu

Shops:
D:2 :**   D:6 [

Annotations:
D:4 3 runed translucent doors, Clumpoid's ghost, amateur VSFi; horus123's ghost, amateur DsWn


Innate Abilities, Weirdness & Mutations

You cannot be hasted, slowed, berserked, paralysed or teleported.
You can dig through walls and to a lower floor.
You have a pair of large antennae on your head. (SInv)
Your four strong arms can wield two-handed weapons with a shield.
You are partially covered in large bone plates. (SH +4)


Message History

The steam dragon claws you but does no damage.
The bullfrog hits you but does no damage.
The steam dragon bites you.
The steam dragon claws you but does no damage.
The hound bites you but does no damage.
You feel better.
The bullfrog hits you but does no damage.
The hound barely misses you.
The orc priest mumbles some strange prayers to Beogh against you.
Beogh smites you! The bullfrog hits you.
The centaur skeleton hits you but does no damage.
The centaur skeleton barely misses you. The steam dragon closely misses you.
The steam dragon claws you.
* * * LOW HITPOINT WARNING * * *
Reach: b) +2 demon trident (venom)
Press: ? - help, Dir - move target, f - orc priest
Aim: an orc priest, wielding a +0 short sword and wearing a +0 scale mail (about 35% to evade your +2 demon trident of venom)
The bullfrog is in the way.
You barely miss the bullfrog.
The bullfrog is moderately wounded.
The hound bites you but does no damage. The bullfrog hits you.
* * * LOW HITPOINT WARNING * * *
You block the centaur skeleton's attack.
The centaur skeleton barely misses you. The steam dragon barely misses you.
The steam dragon claws you.
* * * LOW HITPOINT WARNING * * *
An orc warrior comes into view. It is wielding a +0 flail.
The hound bites you but does no damage. You block the bullfrog's attack.
Reach: b) +2 demon trident (venom)
Press: ? - help, Dir - move target, f/p - orc priest
Aim: an orc priest, wielding a +0 short sword and wearing a +0 scale mail (about 35% to evade your +2 demon trident of venom)
The hound is in the way.
You hit the hound.
The hound is poisoned.
The hound is lightly wounded.
The centaur skeleton hits you but does no damage.
The centaur skeleton kicks you but does no damage.
The hound bites you.
* * * LOW HITPOINT WARNING * * *
The bullfrog hits you but does no damage.
The steam dragon breathes steam at you. The ball of steam hits you!
You die...

. ... ..#.......... .. ..
... ............ ...#.
#.# ###.........#
#.#o###.# ..#.........+
#.......# #.#.........#
.#.......####.#.........#
...........##.#.........#
#(....FD#...............
#....oh@#.....####.#####
#.....Z.#........#.# #
.........#.....##.#.# #
...#####.#.....#....# #
.. ..#.....#....##### .
###.....#.........
.....<.#....#####
####....#....# #.
###+##....# #.


You could see a steam dragon (catching breath), an orc warrior, a bullfrog, a
hound (very poisoned), an orc priest and a centaur skeleton.

Vanquished Creatures
  Maggie (D:7)
  Grinder (D:3)
  Sigmund (D:2)
  Menkaure (D:4)
  2 water moccasins (D:6)
  2 necrophages (D:6)
  An ice beast (D:5)
  3 ogres
  A centaur (D:7)
  A phantom (D:6)
  2 kobold brigands
  A scorpion (D:5)
  A water moccasin skeleton (D:4)
  A wyvern skeleton (D:5)
  Crazy Yiuf (D:3)
  2 bullfrog skeletons (D:4)
  A gnoll shaman (D:4)
  3 hounds
  Jessica (D:2)
  A centaur skeleton (D:4)
  A scorpion zombie (D:5)
  3 iguanas
  An orc wizard (D:6)
  A killer bee zombie (D:6)
  6 gnolls
  A howler monkey skeleton (D:6)
  4 adders
  An ufetubus (D:6)
  2 worms (D:4)
  2 dart slugs (D:4)
  13 orcs
  5 ball pythons
  7 endoplasms
  4 giant cockroaches
  5 goblins
  5 hobgoblins
  3 quokkas
  A bat (D:2)
  3 frilled lizards (D:1)
  12 kobolds
  3 rats
111 creatures vanquished.

Vanquished Creatures (others)
  A fungus (D:3)
  6 plants (D:6)
7 creatures vanquished.

Grand Total: 118 creatures vanquished

Notes
Turn   | Place    | Note
-------+----------+-------------------------------------------
     0 | D:1      | ReploidZero the Formicid Hunter began the quest for the
                  | Orb.
     0 | D:1      | Reached XP level 1. HP: 16/16 MP: 1/1
   180 | D:1      | Reached XP level 2. HP: 14/23 MP: 2/2
  1072 | D:1      | Found a faded altar of an unknown god.
  1162 | D:2      | Noticed Sigmund
  1207 | D:1      | Reached XP level 3. HP: 13/28 MP: 3/3
  1217 | D:1      | Reached skill level 1 in Armour
  1960 | D:1      | You fall into a shaft and drop 1 floor!
  1960 | D:2      | Noticed Jessica
  1961 | D:2      | Killed Jessica
  1962 | D:2      | Reached XP level 4. HP: 35/35 MP: 4/4
  1969 | D:2      | Found Ziziuq's General Store.
  1975 | D:2      | Found Saplal's Book Shop.
  2022 | D:2      | Killed Sigmund
  2023 | D:2      | Reached skill level 5 in Crossbows
  2023 | D:2      | Reached XP level 5. HP: 35/42 MP: 5/5
  2023 | D:2      | Reached XP level 6. HP: 40/48 MP: 6/6
  2281 | D:2      | Found Miseokir's Assorted Antiques.
  2290 | D:2      | Bought a scroll labelled NOAWAIMOKH for 25 gold pieces
  2290 | D:2      | Bought a scroll labelled TATUNNOWNE for 25 gold pieces
  3021 | D:3      | Found a runed translucent door.
  3022 | D:3      | Noticed Crazy Yiuf
  3114 | D:3      | Noticed Grinder
  3119 | D:3      | Killed Grinder
  3120 | D:3      | Reached XP level 7. HP: 55/55 MP: 7/7
  3295 | D:3      | Killed Crazy Yiuf
  3475 | D:4      | Found a runed translucent gate.
  3475 | D:4      | Found a runed translucent gate.
  3477 | D:4      | Found a runed translucent gate.
  3481 | D:4      | Noticed Clumpoid's ghost (amateur VSFi)
  3481 | D:4      | Noticed horus123's ghost (amateur DsWn)
  3528 | D:4      | Reached skill level 5 in Fighting
  3943 | D:4      | Noticed Menkaure
  3962 | D:4      | Reached XP level 8. HP: 27/63 MP: 8/8
  3965 | D:4      | Killed Menkaure
  3966 | D:4      | Reached skill level 5 in Armour
  4526 | D:4      | Found an ancient bone altar of Kikubaaqudgha.
  4527 | D:4      | Found an opulent altar of Gozag.
  4532 | D:4      | Found a glowing golden altar of the Shining One.
  4532 | D:4      | Found an ornate altar of the Wu Jian Council.
  4533 | D:4      | Found a shimmering altar of Xom.
  4533 | D:4      | Found a basalt altar of Yredelemnul.
  4536 | D:4      | Found a stormy altar of Qazlal.
  4536 | D:4      | Found an iron altar of Okawaru.
  4536 | D:4      | Found a sacrificial altar of Ru.
  5447 | D:5      | Entered Level 5 of the Dungeon
  6026 | D:5      | Gained mutation: You are partially covered in large bone
                  | plates. (SH +4) [potion of mutation]
  6720 | D:6      | Reached XP level 9. HP: 71/71 MP: 9/9
  7365 | D:6      | Found Funubyru's Antique Armour Shop.
  7511 | D:6      | Found a staircase to the Ecumenical Temple.
  7873 | Temple   | Entered the Ecumenical Temple
  8432 | D:7      | Noticed Maggie
  8443 | D:7      | Killed Maggie
  8450 | D:7      | Killed from afar by a steam dragon

Illustrated notes

Levels and vault maps discovered:
D:1:      ncdulo_lavacross, layout_basic, shapermc_ecumenical_altar_hornbeckon
D:2:      layout_rooms, serial_shops, nicolae_shop_hallway_stairs,
          shop_fountains, nicolae_shop_temple_entry_statues_fountains,
          uniq_jessica, uniq_sigmund
D:3:      layout_basic, uniq_grinder, uniq_crazy_yiuf_cottage
D:4:      layout_loops_ring, nicolae_overflows_in_rows,
          gammafunk_ghost_cemetery, minmay_misc_feat_encased,
          grunt_ministairs_7, uniq_menkaure
D:5:      layout_loops_corners
D:6:      layout_rooms, minmay_temple_entry_overgrown, serial_shops, shop,
          corexii_shack
D:7:      layout_basic, hellmonk_guarded_unrand_frostbite, uniq_maggie
Temple:   corrupted_temple

Skill      XL: |  1  2  3  4  5  6  7  8  9 |
---------------+----------------------------+-----
Dodging        | 2 |  2.0
Armour         | 1 3 4 6 7 |  7.7
Fighting       | 3 4 5 6 8 |  8.2
Crossbows      | 5 6 7 8 |  8.4
Stealth        | |  1.2

Action                   |  1- 3 |  4- 6 |  7- 9 || total
-------------------------+-------+-------+-------++-------
Melee: Short sword       |    72 |    20 |       ||    92
       Punch             |       |     1 |     1 ||     2
       Quarterstaff      |       |       |    79 ||    79
       Demon trident     |       |       |    44 ||    44
 Fire: Hand crossbow     |     8 |    29 |   122 ||   159
  Use: Scroll            |     3 |     2 |     5 ||    10
       Potion            |       |       |     7 ||     7
 Stab: Sleeping          |     2 |       |     3 ||     5
Armor: Leather armour    |    20 |     5 |    29 ||    54
       Skin              |       |       |    25 ||    25
       Plate armour      |       |       |    41 ||    41
Dodge: Dodged            |    42 |    25 |   110 ||   177
Block: Other             |       |       |    18 ||    18
